Map: Zen LE

Players

penkichi

  • Race: Protoss Protoss
  • League: Silver
  • Spawn Location: 1:00

antagomiR - Winner!

  • Race: Protoss Protoss
  • League: Gold
  • Spawn Location: 7:00

VOD

Have the link to the VOD?

Description

Time

  • Played on: April 4, 2020, 1:06 a.m.
  • Length: 17:16
Show
View Real Time Build Order
Export as new Build Order

penkichi Protoss 

Build Orders:  

Get SALT Encoding   

  12  0:01  Probe (Chrono Boost)  
  13  0:13  Pylon  
  13  0:15  Probe (Chrono Boost)  
  14  0:27  Probe  
  15  0:35  Gateway  
  15  0:39  Probe  
  16  0:50  Assimilator  
  16  0:51  Probe  
  17  1:03  Probe  
  18  1:08  Assimilator  
  18  1:15  Probe  
  19  1:34  Cybernetics Core  
  19  1:44  Zealot  
  21  1:55  Pylon  
  21  2:00  Probe (Chrono Boost)  
  23  2:09  Probe (Chrono Boost)  
  23  2:14  Probe (Chrono Boost), Nexus  
  24  2:24  Warp Gate  
  24  2:26  Probe (Chrono Boost)  
  25  2:32  Probe (Chrono Boost)  
  26  2:40  Probe  
  26  2:41  Forge  
  27  2:52  Probe  
  27  2:54  Pylon  
  28  3:04  Probe  
  29  3:10  Stalker  
  31  3:16  Probe  
  32  3:22  Twilight Council  
  32  3:23  Protoss Ground Weapons Level 1  
  32  3:28  Probe (Chrono Boost)  
  32  3:31  Probe (Chrono Boost)  
  34  3:39  Probe (Chrono Boost)  
  34  3:41  Probe (Chrono Boost)  
  36  3:46  Probe x2 (Chrono Boost)  
  38  3:52  Pylon  
  38  3:54  Assimilator  
  38  3:55  Probe x2  
  40  4:07  Probe x2  
  42  4:16  Gateway x2  
  42  4:17  Zealot  
  42  4:20  Probe (Chrono Boost)  
  45  4:27  Probe (Chrono Boost)  
  47  4:34  Charge  
  47  4:37  Probe x2 (Chrono Boost)  
  48  4:42  Probe (Chrono Boost)  
  48  4:43  Probe  
  50  4:45  Assimilator  
  50  4:53  Probe  
  50  4:54  Pylon, Stalker  
  50  4:55  Probe  
  50  4:57  Pylon  
  54  5:07  Probe  
  54  5:08  Probe  
  56  5:20  Probe  
  57  5:26  Nexus  
  57  5:30  Zealot  
  57  5:31  Zealot x2  
  57  5:32  Probe, Protoss Ground Armor Level 1  
  64  5:48  Gateway  
  64  5:49  Gateway  
  64  5:51  Gateway  
  64  5:54  Pylon  
  64  5:57  Pylon  
  64  6:01  Pylon  
  64  6:04  Pylon  
  64  6:05  Probe (Chrono Boost)  
  65  6:12  Zealot x2  
  65  6:13  Zealot  
  65  6:14  Blink  
  65  6:15  Probe (Chrono Boost)  
  72  6:20  Probe (Chrono Boost)  
  73  6:29  Robotics Facility  
  73  6:32  Probe (Chrono Boost)  
  74  6:35  Stalker  
  74  6:36  Sentry  
  74  6:37  Sentry  
  80  6:44  Probe (Chrono Boost)  
  80  6:45  Probe (Chrono Boost)  
  82  6:49  Assimilator  
  82  6:51  Assimilator  
  82  6:52  Probe (Chrono Boost)  
  82  6:53  Probe (Chrono Boost)  
  84  6:54  Stalker x2  
  84  6:55  Stalker  
  84  6:58  Probe x2 (Chrono Boost)  
  84  6:59  Zealot  
  84  7:00  Zealot  
  96  7:09  Probe  
  96  7:10  Probe  
  96  7:13  Zealot  
  100  7:38  Stalker x2  
  100  7:39  Stalker x4  
  100  7:41  Protoss Shields Level 1  
  100  7:42  Probe (Chrono Boost)  
  114  7:53  Probe (Chrono Boost)  
  114  7:55  Probe (Chrono Boost)  
  115  8:02  Probe (Chrono Boost)  
  115  8:03  Probe (Chrono Boost)  
  109  8:08  Probe (Chrono Boost)  
  108  8:19  Probe  
  85  8:48  Zealot x3  
  83  8:49  Zealot x3  
  83  8:54  Immortal  
  91  9:18  Stalker  
  91  9:19  Stalker x4  
  91  9:20  Stalker  
  103  9:33  Immortal  
  107  9:46  Nexus, Stalker x4  
  107  9:48  Sentry x2  
  119  10:12  Immortal  
  119  10:13  Gateway  
  123  10:14  Protoss Ground Weapons Level 2  
  123  10:17  Gateway  
  123  10:18  Gateway  
  123  10:21  Gateway  
  123  10:23  Gateway  
  117  10:36  Pylon  
  117  10:39  Pylon  
  117  10:41  Pylon  
  117  10:52  Immortal  
  117  10:54  Photon Cannon  
  117  10:56  Pylon  
  121  10:57  Pylon, Photon Cannon  
  121  11:00  Photon Cannon, Zealot  
  123  11:07  Stalker  
  123  11:08  Stalker x4  
  123  11:31  Immortal  
  101  11:37  Stalker  
  101  11:38  Stalker x3  
  101  11:39  Stalker  
  103  11:41  Zealot, Stalker  
  103  11:42  Zealot x2  
  103  11:43  Zealot  
  103  11:44  Zealot  
  115  12:07  Stargate  
  115  12:10  Probe (Chrono Boost), Immortal, Stargate x2  
  115  12:11  Stargate  
  120  12:19  Stalker x3  
  120  12:20  Probe (Chrono Boost), Stalker x5  
  137  12:24  Probe (Chrono Boost)  
  137  12:26  Assimilator  
  138  12:32  Assimilator  
  138  12:36  Probe (Chrono Boost)  
  139  12:45  Probe (Chrono Boost)  
  139  12:48  Probe (Chrono Boost), Stalker x3  
  139  12:49  Immortal, Stalker x4  
  139  12:50  Probe, Stalker x4  
  162  13:02  Probe  
  99  13:29  Immortal  
  85  13:35  Sentry x2  
  85  13:36  Zealot  
  85  13:37  Zealot x3  
  85  13:38  Zealot x2  
  85  13:39  Zealot  
  103  13:45  Void Ray x3  
  103  13:46  Void Ray  
  119  13:53  Stalker x2  
  123  13:57  Probe (Chrono Boost)  
  124  14:07  Probe (Chrono Boost)  
  124  14:08  Immortal  
  129  14:12  Probe (Chrono Boost)  
  129  14:14  Protoss Ground Weapons Level 3  
  130  14:22  Stalker x3  
  130  14:23  Probe, Stalker x3  
  143  14:28  Void Ray x4  
  159  14:33  Protoss Air Weapons Level 1  
  159  14:35  Probe  
  134  14:47  Probe, Immortal  
  87  15:03  Stalker x3  
  87  15:04  Stalker x2  
  87  15:05  Stalker x2  
  87  15:06  Stalker  
  80  15:26  Immortal  
  54  15:35  Zealot x3  
  54  15:36  Zealot x5  
  54  15:37  Zealot x2  
  54  15:38  Zealot  
  62  15:56  Zealot x3  
  60  15:57  Zealot x2  
  60  15:59  Zealot x2  
  60  16:02  Zealot  
  48  16:12  Stalker  
  33  16:28  Zealot  
  33  16:32  Stalker  
  31  16:45  Zealot x3  
  33  16:55  Zealot x2  
  33  16:56  Zealot  
  33  16:59  Zealot  
Show
View Real Time Build Order
Export as new Build Order

antagomiR Protoss - Winner!

Build Orders: Chargelot Immortal 

Get SALT Encoding   

  12  0:01  Probe  
  13  0:13  Probe  
  14  0:19  Pylon  
  14  0:25  Probe  
  15  0:37  Probe  
  15  0:42  Gateway  
  16  0:49  Probe  
  17  1:01  Probe  
  17  1:02  Assimilator  
  18  1:13  Probe  
  19  1:23  Assimilator  
  19  1:25  Probe  
  20  1:32  Cybernetics Core  
  20  1:47  Probe  
  21  2:00  Probe  
  22  2:05  Warp Gate (Chrono Boost), Pylon  
  22  2:12  Probe  
  23  2:24  Nexus  
  23  2:26  Pylon  
  23  2:30  Probe  
  23  2:31  Stalker (Chrono Boost)  
  26  2:42  Probe  
  27  2:48  Pylon  
  27  2:55  Probe  
  27  2:58  Shield Battery  
  28  3:07  Probe  
  29  3:17  Robotics Facility  
  29  3:19  Probe  
  30  3:32  Gateway  
  30  3:33  Gateway  
  30  3:36  Probe  
  30  3:37  Probe  
  30  3:41  Sentry  
  34  3:48  Probe  
  35  3:57  Probe  
  35  4:01  Probe  
  36  4:04  Sentry  
  36  4:09  Probe  
  39  4:13  Probe  
  40  4:17  Assimilator  
  40  4:22  Assimilator, Observer  
  41  4:30  Pylon  
  41  4:37  Twilight Council  
  41  4:38  Stalker  
  43  4:39  Sentry  
  43  4:40  Stalker  
  43  4:44  Observer  
  48  4:54  Probe x2  
  50  5:03  Forge  
  50  5:06  Probe x2, Immortal  
  56  5:18  Probe x2  
  58  5:30  Probe x2  
  60  5:40  Phoenix  
  60  5:42  Probe x2  
  62  5:47  Pylon  
  62  5:48  Templar Archives  
  62  5:50  Pylon  
  62  5:51  Immortal  
  62  5:54  Probe x2  
  68  5:57  Stalker  
  70  6:06  Probe  
  70  6:07  Probe  
  70  6:10  Protoss Ground Weapons Level 1 (Chrono Boost)  
  72  6:14  Charge (Chrono Boost)  
  72  6:18  Probe  
  72  6:19  Probe  
  74  6:29  Phoenix, Pylon, Zealot x3  
  74  6:31  Probe  
  81  6:50  Nexus  
  81  6:54  Pylon  
  81  6:57  Pylon  
  81  6:59  Probe x2  
  83  7:11  Probe x2  
  85  7:32  Probe  
  85  7:33  Probe  
  87  7:44  Photon Cannon  
  87  7:45  Probe x2  
  87  7:47  Shield Battery  
  87  7:49  Photon Cannon  
  89  7:51  Photon Cannon  
  89  7:56  Photon Cannon  
  89  7:57  Probe  
  87  8:15  Zealot x3  
  80  8:37  Zealot x2  
  80  8:38  Zealot  
  82  8:59  Zealot  
  82  9:00  Zealot x2  
  86  9:08  Immortal  
  88  9:40  Protoss Ground Weapons Level 2 (Chrono Boost)  
  88  9:41  Assimilator  
  88  9:43  Assimilator  
  88  9:48  Immortal  
  88  9:52  Gateway  
  92  9:54  Gateway  
  92  9:55  Gateway  
  92  9:58  Gateway  
  92  9:59  Gateway  
  92  10:00  Gateway  
  92  10:06  Gateway, Stalker x2  
  96  10:08  High Templar, Gateway  
  96  10:13  Phoenix  
  98  10:27  Immortal  
  102  10:57  Zealot x2  
  102  10:58  Zealot x5  
  102  10:59  Zealot x2  
  120  11:06  Immortal  
  124  11:11  Probe  
  125  11:26  Probe x2  
  125  11:27  High Templar  
  125  11:28  High Templar  
  125  11:32  Archon  
  125  11:46  Pylon, Nexus  
  125  11:47  Pylon  
  125  11:49  Pylon x2  
  125  11:51  Pylon  
  125  11:52  Pylon  
  125  11:53  Pylon  
  125  11:55  Assimilator  
  125  11:59  Assimilator  
  125  12:04  Probe x3  
  125  12:05  Immortal  
  132  12:11  High Templar  
  132  12:12  High Templar x2  
  132  12:13  High Templar  
  132  12:14  High Templar x3  
  132  12:15  High Templar x3  
  148  12:16  High Templar  
  148  12:17  Probe x2  
  148  12:18  Archon x3  
  148  12:19  Archon x2  
  148  12:20  Archon  
  156  12:44  Immortal  
  160  12:47  Photon Cannon  
  160  12:50  Photon Cannon  
  160  12:53  Shield Battery  
  144  13:30  Probe x3  
  141  13:38  Zealot x3  
  141  13:39  Zealot  
  149  13:41  Zealot x2  
  149  13:42  Probe x2  
  149  13:43  High Templar x2  
  149  13:44  High Templar x3  
  165  13:52  Immortal  
  169  13:55  Archon  
  169  13:56  Archon  
  169  14:15  High Templar x4  
  169  14:16  High Templar x2  
  181  14:27  Zealot  
  181  14:28  Zealot x4  
  191  14:32  Immortal  
  163  15:09  High Templar x2  
  163  15:10  High Templar x4  
  163  15:11  Immortal, Zealot  
  163  15:12  Zealot x4  
  185  15:18  Archon  
  185  15:19  Archon  
  177  15:30  Archon  
  177  15:34  Archon x3  
  177  15:36  High Templar x3  
  133  17:01  Archon  
Tags
 
Matchup
PvP
Replay Pack
20200422
Spawn Locations
Cross Positions
Add a new tag
Caveats
  • Supply blocks, unpowered buildings, or Contaminate may cause inaccurate times.
  • Supply counts are checked every 10 seconds.